 Dungeon Crawl Stone Soup version 0.31-a0-182-gc5ef74bbde (webtiles) character file.

Game seed: 12855698797046589145

72 qw the Chopper (level 4, -11/28 HPs)
             Began as a Gargoyle Fighter on June 20, 2023.
             Blown up by Ijyb (16 damage)
             ... with a mindburst bolt
             ... on level 3 of the Dungeon.
             The game lasted 00:00:42 (1361 turns).

qw the Chopper (Gargoyle Fighter)                   Turns: 1361, Time: 00:00:42

Health: -11/28     AC: 11    Str: 22    XL:     4   Next: 25%
Magic:  4/4        EV:  9    Int:  8    God:
Gold:   131        SH:  5    Dex: 15    Spells: 3/3 levels left

rFire   . . .        Y - +0 war axe
rCold   . . .        c - +0 buckler
rNeg    + . .        b - +0 scale mail
rPois   inf          (no helmet)
rElec   +            (no cloak)
rCorr   .            a - +0 pair of gloves
SInv    .            (no boots)
Will    .....        i - amulet of regeneration Stlth
                     j - +6 ring of dexterity
HPRegen 1.04/turn    (no ring)
MPRegen 0.09/turn

%: no passive effects
@: no status effects
A: sickness immunity, AC +3, negative energy resistance 1, electricity
resistance, torment resistance 1, petrification resistance
a: no special abilities


You were on level 3 of the Dungeon.
You visited 1 branch of the dungeon, and saw 3 of its levels.

You collected 131 gold pieces.


Innate Abilities, Weirdness & Mutations

You are immune to sickness and miasma.
Your stone body is resilient. (AC +3)
You are immune to poison.
You resist negative energy. (rN+)
You are resistant to electric shocks. (rElec)
You are resistant to unholy torment.
You are immune to petrification.


   Skills:
 - Level 3.2 Fighting
 - Level 3.8 Axes
 - Level 3.2 Armour
 + Level 0.6 Dodging
 - Level 3.2 Shields


You had 3 spell levels left.
You didn't know any spells.
Your spell library was empty.

Inventory:

Hand Weapons
 f - a +4 broad axe of distortion
 l - a +0 morningstar
 Y - a +0 war axe (weapon)
Missiles
 h - 9 boomerangs (quivered)
Armour
 a - a +0 pair of gloves (worn)
 b - a +0 scale mail (worn)
 c - a +0 buckler (worn)
Jewellery
 i - an amulet of regeneration (around neck)
 j - a +6 ring of dexterity (left hand)
 m - a +4 ring of slaying {mikee}
Scrolls
 k - a scroll of identify
Potions
 d - 3 potions of might
 e - a potion of resistance
 g - 2 potions of curing

Dungeon Overview and Level Annotations

Branches:
Dungeon (3/15)

Altars:
Dithmenos

Annotations:
D:2 1 runed translucent door, Crazy Yiuf
D:3 Ijyb


Message History

Enter note:
Enter note:
There is a stone staircase leading up here.
Found a stone staircase leading up.
Enter note:
Enter note:
Enter note: You open the gate.
There is an open gate here.
You open the gate.
Found a shadowy altar of Dithmenos.
Enter note:
Enter note:
Enter note: You open the gate.
Ijyb the Twisted Goblin comes into view.
She is wielding a +0 dagger and carrying a wand of mindburst (17).
Enter note:
Enter note:
Enter note: You hit Ijyb.
Ijyb is lightly wounded.
Ijyb zaps a wand.
Your mind is blasted!
You hit Ijyb but do no damage. Ijyb barely misses you.
Ijyb hits you but does no damage.
You barely miss Ijyb. Ijyb closely misses you.
You closely miss Ijyb. You block Ijyb's attack.
A worm comes into view.
Ijyb hits you but does no damage.
You hit Ijyb but do no damage.
Ijyb zaps a wand.
Your mind is blasted!
You closely miss Ijyb. Ijyb screams, "I dance on your bones!"
Ijyb zaps a wand.
Your mind is blasted!
Ouch! That really hurt!
You closely miss Ijyb. You slash the worm! Ijyb closely misses you.
Ijyb zaps a wand.
Your mind is blasted!
Ouch! That really hurt!
You die...

#+++# ###...###
##.'.#.'.#
#..'.#.w.#
#..'.#@g.#
#.##...#.#
#.##'''# #
#.##...#
#.##._.#
#######.##...#
#........#####
#..........###.#
#.....<........#


You could see Ijyb and a worm.

Vanquished Creatures
  3 adders (D:2)
  A worm (D:3)
  2 dart slugs
  6 ball pythons
  2 bats
  2 endoplasms (D:2)
  A giant cockroach (D:2)
  3 goblins
  3 hobgoblins
  4 kobolds
  2 quokkas
  4 frilled lizards (D:2)
  7 rats
40 creatures vanquished.

Notes
Turn   | Place    | Note
-------+----------+-------------------------------------------
     0 | D:1      | qw the Gargoyle Fighter began the quest for the Orb.
     0 | D:1      | Reached XP level 1. HP: 14/14 MP: 1/1
     0 | D:1      | 0 ||| qw: Version: 0.3-a-9-g12657ce
     0 | D:1      | 0 ||| qw: Game counter: 1247
     0 | D:1      | 0 ||| qw: Always use a shield: true
     0 | D:1      | 0 ||| qw: God list: Okawaru
     0 | D:1      | 0 ||| qw: Allow faded altars: false
     0 | D:1      | 0 ||| qw: Do Orc after D:15 true
     0 | D:1      | 0 ||| qw: Do second Lair branch before Depths: true
     0 | D:1      | 0 ||| qw: Lair rune preference: random
     0 | D:1      | 0 ||| qw: Plans: Normal, Zot:1-4, Slime:5, God:TSO, Crypt,
                  | Tomb, Abyss, Pan, Hells, Win
     0 | D:1      | 0 ||| PLANNING D:1-11
   186 | D:1      | You fall into a shaft and drop 1 floor!
   213 | D:2      | 213 ||| READING scroll labelled YTIUSY JOGAHA.
   214 | D:2      | 214 ||| READING scroll labelled TASUTEGGEUR.
   215 | D:2      | 215 ||| DRINKING 2 fizzy orange potions.
   216 | D:2      | 216 ||| DRINKING 3 purple potions.
   372 | D:1      | Reached XP level 2. HP: 19/19 MP: 2/2
   585 | D:1      | 585 ||| UPGRADING to +0 pair of gloves.
   590 | D:1      | 590 ||| READING scroll labelled GUGRIETUANG.
   614 | D:2      | 614 ||| Stepping ~*~*~tactically~*~*~ (stealth).
   635 | D:2      | Reached skill level 3 in Axes
   659 | D:2      | Reached XP level 3. HP: 22/23 MP: 3/3
   740 | D:2      | 740 ||| Stepping ~*~*~tactically~*~*~ (stealth).
   809 | D:2      | 809 ||| DROPPING +0 whip.
   967 | D:2      | Reached XP level 4. HP: 24/28 MP: 4/4
  1151 | D:2      | Found a runed translucent door.
  1152 | D:2      | Noticed Crazy Yiuf
  1155 | D:2      | 1155 ||| UPGRADING to amulet of regeneration.
  1160 | D:2      | 1160 ||| UPGRADING to +6 ring of dexterity.
  1161 | D:2      | 1161 ||| READING scroll labelled XOYGGA XEPATY.
  1161 | D:2      | Identified a scroll of acquirement
  1161 | D:2      | 1161 ||| ACQUIRING +4 broad axe of distortion
  1161 | D:2      | Acquired a +4 broad axe of distortion
  1233 | D:3      | 1233 ||| Stepping ~*~*~tactically~*~*~ (stealth).
  1234 | D:3      | 1234 ||| Stepping ~*~*~tactically~*~*~ (stealth).
  1236 | D:3      | 1236 ||| Stepping ~*~*~tactically~*~*~ (hiding).
  1237 | D:3      | 1237 ||| Stepping ~*~*~tactically~*~*~ (hiding).
  1291 | D:3      | 1291 ||| Stepping ~*~*~tactically~*~*~ (stealth).
  1351 | D:3      | Found a shadowy altar of Dithmenos.
  1354 | D:3      | Noticed Ijyb
  1360 | D:3      | HP: 4/28 [disintegration (14)]
  1361 | D:3      | Blown up by Ijyb

Levels and vault maps discovered:
D:1:      dpeg_arrival_connections, layout_loops_ring
D:2:      minmay_general_purpose_star, layout_rooms, uniq_crazy_yiuf_cottage
D:3:      layout_rooms, mainiacjoe_overflow_big_doors,
          shapermc_ecumenical_altar_mp_urbaneastern, uniq_ijyb

Skill      XL: |  1  2 |
---------------+-------+-----
Axes           | 2 3 |  3.8
Fighting       | |  3.2
Armour         | |  3.2
Dodging        | |  0.6
Shields        | |  3.2

Action                     |  1- 3 |  4- 6 || total
---------------------------+-------+-------++-------
  Melee: War axe           |    72 |    18 ||    90
  Throw: Boomerang         |    39 |    12 ||    51
    Use: Scroll            |     3 |     1 ||     4
         Potion            |     2 |       ||     2
 Armour: Scale mail        |    33 |     4 ||    37
  Dodge: Dodged            |    28 |     5 ||    33
  Block: Buckler           |    14 |     3 ||    17

Table legend:
 A = Non-vault XP
 B = Vault XP
 C = Vault XP percentage of total XP
 D = Non-vault monster count
 E = Vault monster count
 F = Vault count percentage of total count
                 A         B        C        D         E       F
            +---------+---------+-------+---------+---------+-------
      Total |      81 |      22 |  21.4 |      35 |       5 |  12.5
            +---------+---------+-------+---------+---------+-------
        D:1 |      12 |       0 |   0.0 |       8 |       0 |   0.0
        D:2 |      53 |      22 |  29.3 |      21 |       5 |  19.2
        D:3 |      16 |       0 |   0.0 |       6 |       0 |   0.0
            +---------+---------+-------+---------+---------+-------
